 Dungeon Crawl Stone Soup version 0.22-a0-32-ga749362 (webtiles) character file.

96273 Gorglomux the Summoner (level 16, -3/117 HPs)
             Began as a Human Wanderer on Jan 3, 2018.
             Was a High Priest of Sif Muna.
             Slain by an alligator (12 damage)
             ... on level 2 of the Swamp.
             The game lasted 01:47:30 (39442 turns).

Gorglomux the Summoner (Human Wanderer)            Turns: 39442, Time: 01:47:31

Health: -3/117     AC: 14    Str: 14    XL:     16   Next: 66%
Magic:  0/34       EV: 16    Int: 18    God:    Sif Muna [*****.]
Gold:   1400       SH: 11    Dex: 21    Spells: 6/44 levels left

rFire    . . .     SeeInvis .   a - +9 dagger "Cetz" {flame, Str+2 Dex+4}
rCold    . . .     Gourm    .   x - +3 buckler
rNeg     + . .     Faith    .   e - +2 leather armour "Zient" {rN+ Dex+2}
rPois    +         Spirit   .   k - +2 hat
rElec    .         Reflect  +   y - +2 cloak
rCorr    .         Harm     .   (no gloves)
MR       +....                  z - +2 pair of boots
Stlth    ++........             r - +2 amulet of reflection
HPRegen  0.29/turn              o - ring of poison resistance
MPRegen  0.24/turn              F - ring of wizardry

@: very slightly contaminated, slowed, no casting, very slow
A: no striking features
a: Stop Divine Energy, Channel Magic, Forget Spell, Renounce Religion


You were on level 2 of the Swamp.
You worshipped Sif Muna.
Sif Muna was extremely pleased with you.
You were not hungry.

You visited 5 branches of the dungeon, and saw 26 of its levels.

You collected 2422 gold pieces.
You spent 1022 gold pieces at shops.

Inventory:

Hand Weapons
 a - the +9 dagger "Cetz" (weapon) {flame, Str+2 Dex+4}
   (You found it on level 14 of the Dungeon)

   It has been specially enchanted to burn those struck by it, causing extra
   injury to most foes and up to half again as much damage against particularly
   susceptible opponents.
   It affects your strength (+2).
   It affects your dexterity (+4).
Armour
 e - the +2 leather armour "Zient" (worn) {rN+ Dex+2}
   (You found it on level 13 of the Dungeon)

   It affects your dexterity (+2).
   It protects you from negative energy.
 k - a +2 hat (worn)
 x - a +3 buckler (worn)
 y - a +2 cloak (worn)
 z - a +2 pair of boots (worn)
Magical Staves
 b - an uncursed staff of power
Jewellery
 c - an uncursed ring of protection from cold
 m - an uncursed ring of protection from magic
 o - a ring of poison resistance (left hand)
 q - an uncursed ring of magical power
 r - a +2 amulet of reflection (around neck)
 s - an uncursed ring of see invisible
 F - a ring of wizardry (right hand)
Wands
 A - a wand of acid (5)
 D - a wand of digging (26)
 E - a wand of enslavement (8)
 I - a wand of iceblast (11)
 K - a wand of polymorph (19)
 P - a wand of paralysis (38)
Scrolls
 l - 5 scrolls of fog
 n - 4 scrolls of amnesia
 p - a scroll of holy word
 B - 2 scrolls of blinking
 G - 5 scrolls of immolation
 M - 3 scrolls of magic mapping
 R - a scroll of identify
 T - 7 scrolls of teleportation
 U - 5 scrolls of fear
 W - 15 scrolls of remove curse
 Z - a scroll of silence
Potions
 d - 3 potions of might
 g - a potion of magic
 i - 3 potions of invisibility
 u - a potion of cancellation
 v - 6 potions of agility
 w - 4 potions of brilliance
 C - 3 potions of mutation {!q}
 H - 5 potions of haste
 L - 5 potions of heal wounds
 N - 3 potions of flight
 O - 6 potions of lignification
 Q - 5 potions of curing
 S - 4 potions of resistance
 Y - 3 potions of ambrosia
Miscellaneous
 j - a fan of gales (inert)
 J - a lightning rod (4/4)
 V - a phantom mirror
 X - a phial of floods (inert)
Comestibles
 f - 33 rations


   Skills:
 - Level 8.0 Fighting
 - Level 5.5 Armour
 - Level 6.0 Dodging
 - Level 2.0 Stealth
 - Level 4.0 Shields
 + Level 14.5 Spellcasting
 - Level 6.2 Conjurations
 + Level 14.7 Summonings
 - Level 7.1 Necromancy
 - Level 4.0 Translocations
   Level 2.5 Fire Magic
 - Level 3.0 Ice Magic
 - Level 5.5 Air Magic
 - Level 6.2 Earth Magic
   Level 2.0 Poison Magic
 - Level 5.0 Evocations


You had 6 spell levels left.
You knew the following spells:

 Your Spells              Type           Power        Failure   Level  Hunger
a - Magic Dart            Conj           ####         1%          1    None
b - Call Imp              Summ           ######..     0%          2    None
c - Summon Ice Beast      Ice/Summ       #####...     1%          4    None
d - Blink                 Tloc           N/A          1%          2    None
e - Borgnjor's Vile Clut  Necr/Erth      #####.....   4%          5    ####...
f - Summon Mana Viper     Hex/Summ       #####...     3%          5    ####...
g - Dragon's Call         Summ           ######....   98%         9    #######
h - Deflect Missiles      Chrm/Air       ###.......   73%         6    #####..
l - Summon Lightning Spi  Summ/Air       #####...     1%          4    None


Dungeon Overview and Level Annotations

Branches:
Dungeon (15/15)            Temple (1/1) D:5            Lair (6/6) D:10
  Swamp (2/4) Lair:4       Spider (0/4) Lair:4        Slime (0/5) Lair:5
    Orc (2/2) D:10            Elf (0/3) Orc:2        Vaults (0/5) D:14
 Depths (0/5) D:15

Altars:
Ashenzari
Cheibriados
Dithmenos
Elyvilon
Fedhas
Gozag
Hepliaklqana
Kikubaaqudgha
Makhleb
Nemelex Xobeh
Okawaru
Qazlal
Ru
Sif Muna
Trog
Uskayaw
Vehumet
Wu Jian
Xom
Yredelemnul
Zin
The Shining One
Beogh
Jiyva

Shops:
D:7 (   D:9 *   D:10 [   D:11 :   Orc:2 !:%:

Portals:
Trove: D:10 (give 20 potions of curing)

Annotations:
D:8 Gorice's ghost, legendary HOFi


Message History

Aim: an alligator (moderately wounded, covering ground quickly) Butt hands butt forth from the earth!!!
Zombie butts grab the alligator!
Your water elemental is unaffected!
Your ice beast is unaffected!
Sif Muna grants you divine energy!
You briefly lose access to your magic!!!
The zombie hands constrict the alligator!!!
The alligator struggles to butt constriction!
The alligator escapes!!!
Butt command!
Unknown command!
Unknown command!
Evoke which item? (* to show all) (? for menu, Esc to quit)
Aiming: Corrosive Bolt
Press: ? - help, Shift-Butt - straight line, f/p - alligator
Aim: an alligator (heavily wounded, covering ground butt-ly)
The bolt of acid hits the alligator!
The alligator is splashed with acid!
The alligator is severely wounded!
The butt bites you!!! rip

.§.≈♣♣≈♣♣♣♣♣ ..≈♣≈.....[♣♣♣♣≈
.^....≈≈≈≈≈.♣≈..♣♣
.≈≈≈♣.≈≈≈≈≈....>.♣
.§≈.♣.≈≈≈≈≈...≈≈.♣ ≈
♣≈.♣♣♣..♣.......≈ ♣♣♣ ≈≈♣
♣♣≈♣♣♣≈(♣..≈♣≈.♣♣♣♣♣♣.♣♣ ≈≈♣
♣♣♣♣≈≈≈♣.....≈.♣...≈≈≈♣♣♣≈≈♣
♣♣.....♣....≈≈@t≈.v≈≈≈...≈♣♣♣
...≈≈≈≈.....≈....>.E.≈≈..≈≈≈(..
♣..≈≈≈≈≈≈≈≈.≈♣..≈≈≈≈Y≈≈≈≈≈≈≈≈≈≈
♣♣≈....≈≈≈≈≈.≈♣..≈≈≈.≈≈≈≈≈≈≈.≈≈
♣...≈≈≈≈≈≈.♣♣..≈≈≈≈.≈≈≈≈≈≈≈≈≈≈
♣.≈≈≈≈≈≈≈≈≈.♣♣♣....≈≈≈≈.♣≈.≈≈..
♣≈≈≈≈≈≈≈≈≈≈..§≈≈♣♣♣.≈≈≈.♣ ≈≈...
.≈≈§.≈...≈♣..≈≈♣ ♣♣..†.♣ ≈..f
≈....≈≈♣♣♣♣...♣ ♣♣♣♣♣♣ .≈§


You could see an alligator, an insubstantial wisp, a friendly water elemental
and a friendly ice beast.

Vanquished Creatures
  Kirke (Lair:5)
  A quicksilver dragon zombie (D:15)
  An ettin (Orc:1)
  Josephine (Lair:5)
  Harold (Lair:4)
  2 vault guards (D:14)
  2 hydras
  An ice dragon (Lair:5)
  5 centaur warriors
  2 two-headed ogres
  An alligator (Swamp:1)
  6 death yaks
  2 tengu warriors (D:15)
  4 orc high priests (Orc:2)
  A skeletal warrior (D:15)
  A shambling mangrove (Swamp:2)
  2 lindwurms
  5 orc knights (Orc:2)
  A necromancer (D:15)
  7 ugly things
  9 orc sorcerers
  A deep elf mage (D:15)
  2 oklob plants (Lair:3)
  8 black mambas
  6 elephants
  2 molten gargoyles (Lair:6)
  A centaur skeleton (D:14)
  An ice statue (D:14)
  4 spiny frogs
  7 komodo dragons
  An efreet (D:14)
  An elf zombie (D:15)
  An ice devil (Lair:1)
  A rime drake (Lair:6)
  A troll (shapeshifter) (D:14)
  3 tyrant leeches
  2 polar bears
  2 trolls
  6 hornets
  13 blink frogs
  16 dream sheep
  9 hippogriffs
  3 slime creatures
  A spriggan zombie (D:15)
  2 wyverns
  2 wraiths (Lair:5)
  2 redbacks (Lair:4)
  A spriggan (Swamp:1)
  2 basilisks
  15 yaks
  6 hogs
  A steam dragon (D:12)
  A human (D:7)
  3 wargs
  2 hungry ghosts
  7 vampire mosquitoes
  2 insubstantial wisps
  8 swamp worms
  Edmund (D:4)
  An acid dragon (D:12)
  4 hell hounds (Lair:6)
  6 water moccasins
  A soldier ant (D:15)
  A floating eye (shapeshifter) (D:14)
  A black bear (D:8)
  Duvessa (D:4)
  5 swamp drakes
  2 sky beasts
  23 orc warriors
  3 ice beasts
  2 eyes of draining
  9 ogres
  2 wolves (Lair:2)
  12 crocodiles
  18 centaurs
  2 big kobolds
  9 bullfrogs
  A gnoll sergeant (D:8)
  A wyvern skeleton (D:9)
  Dowan (D:4)
  4 scorpions
  A water moccasin skeleton (D:5)
  2 killer bees (D:13)
  An electric eel (D:15)
  4 howler monkeys
  4 crimson imps
  3 lava snakes (Lair:6)
  2 centaur zombies
  3 bullfrog zombies
  6 hounds
  24 orc wizards
  15 orc priests
  A bullfrog skeleton (D:8)
  A jelly (D:13)
  3 iguanas (D:7)
  Ijyb (D:4)
  Natasha (thrice) (D:3)
  2 worker ants
  A killer bee zombie (D:6)
  A hound skeleton (D:9)
  A worker ant zombie (D:6)
  6 gnolls
  9 adders
  A river rat (Lair:6)
  3 shadow imps
  3 white imps
  An adder skeleton (D:4)
  A worm (D:2)
  2 leopard geckos
  66 orcs
  A ball python (D:1)
  5 giant cockroaches
  2 gnoll zombies (D:4)
  8 goblins
  7 hobgoblins
  15 jackals
  8 kobolds
  4 quokkas
  8 bats
  3 frilled lizards
  2 jackal zombies
  2 rats
  4 fungi
  A plant (Lair:6)
  2 withered plants (D:15)
555 creatures vanquished.

Vanquished Creatures (collateral kills)
  Rupert (Lair:5)
  A thorn hunter (Swamp:2)
  Gastronok (D:11)
  A fire dragon (Lair:6)
  2 vault guards (D:14)
  3 hydras
  A centaur warrior (D:14)
  3 two-headed ogres
  A titan skeleton (D:15)
  A skeletal warrior (D:15)
  An unseen horror (D:13)
  A swamp dragon (Swamp:1)
  A phantasmal warrior (D:15)
  3 orc knights (Orc:2)
  A shambling mangrove (Swamp:2)
  A wolf spider zombie (D:14)
  2 oklob plants (Lair:3)
  2 ugly things
  2 black mambas
  5 elephants
  6 spiny frogs
  2 centaur skeletons
  2 rime drakes
  5 komodo dragons
  An ice devil (Lair:1)
  2 hornets (Swamp:2)
  7 blink frogs
  17 slime creatures
  5 dream sheep (Lair:5)
  A bog body (Swamp:2)
  6 hippogriffs
  A shadow (Swamp:2)
  3 wraiths
  2 water elementals (D:15)
  6 basilisks
  Eustachio (D:4)
  2 wyverns
  7 yaks
  A vampire mosquito (Swamp:2)
  A hungry ghost (D:11)
  Menkaure (D:7)
  A steam dragon (Lair:6)
  A swamp worm (Swamp:2)
  3 insubstantial wisps
  7 water moccasins
  5 porcupines
  A swamp drake (Swamp:2)
  A black bear (D:6)
  2 sky beasts
  4 orc warriors
  A phantom (D:13)
  2 ice beasts
  An ogre (D:8)
  3 wolves (Lair:2)
  The ghost of adept the Vexing, an amateur GnAM (D:3)
  A centaur (D:6)
  8 crocodiles
  5 bullfrogs
  A scorpion (D:8)
  2 killer bees (D:13)
  A howler monkey (D:6)
  An electric eel (Lair:2)
  3 crimson imps
  A bullfrog zombie (D:8)
  A centaur zombie (D:7)
  2 lava snakes (Lair:6)
  2 jellies
  5 orc priests
  4 orc wizards
  Terence (D:2)
  3 iguanas
  3 worker ants
  Robin (D:3)
  6 gnolls
  2 adders
  A shadow imp (D:12)
  A white imp (Lair:5)
  2 adder skeletons
  17 orcs
  A giant cockroach (D:3)
  2 goblins (D:3)
  3 hobgoblins (D:3)
  A jackal (D:4)
  2 quokkas
  2 frilled lizards
  3 kobolds
  A fungus (Lair:5)
235 creatures vanquished.

Vanquished Creatures (others)
  A water moccasin (Lair:5)
  A bullfrog (Lair:6)
  2 bushes (Lair:6)
  22 fungi
  16 plants
  4 withered plants (D:15)
46 creatures vanquished.

Grand Total: 836 creatures vanquished

Notes
Turn   | Place    | Note
-------+----------+-------------------------------------------
     0 | D:1      | Gorglomux the Human Wanderer began the quest for the Orb.
     0 | D:1      | Gorglomux set off with: a book of Minor Magic, a +0 robe, a +0 dagger, a ration, a scroll of teleportation
     0 | D:1      | Reached XP level 1. HP: 13/13 MP: 6/6
     7 | D:1      | Learned a level 1 spell: Magic Dart
   259 | D:1      | Reached XP level 2. HP: 20/20 MP: 0/8
   492 | D:1      | Reached skill level 1 in Fighting
   520 | D:1      | Reached skill level 1 in Dodging
   520 | D:1      | Reached skill level 1 in Conjurations
   588 | D:1      | Learned a level 2 spell: Call Imp
   840 | D:2      | Reached XP level 3. HP: 26/26 MP: 1/9
  1265 | D:2      | Reached skill level 1 in Summonings
  1395 | D:2      | Reached XP level 4. HP: 33/33 MP: 11/11
  1446 | D:2      | Noticed Terence
  1504 | D:2      | Killed Terence
  2133 | D:3      | Reached XP level 5. HP: 38/38 MP: 12/12
  2136 | D:3      | Noticed Natasha
  2153 | D:3      | Killed Natasha
  2166 | D:3      | Noticed Robin
  2327 | D:3      | Noticed Natasha
  2330 | D:3      | Killed Natasha
  2387 | D:3      | Noticed Natasha
  2397 | D:3      | Killed Natasha
  2589 | D:3      | Found a blossoming altar of Fedhas.
  2618 | D:3      | Killed Robin
  2691 | D:3      | Noticed adept's ghost (amateur GnAM)
  2707 | D:3      | Killed adept's ghost
  2707 | D:3      | Reached skill level 3 in Fighting
  2707 | D:3      | Reached skill level 3 in Dodging
  2707 | D:3      | Reached XP level 6. HP: 47/47 MP: 8/13
  3255 | D:4      | Reached skill level 3 in Summonings
  3502 | D:4      | Noticed Edmund
  3518 | D:4      | Killed Edmund
  3585 | D:4      | Noticed Ijyb
  3623 | D:4      | Killed Ijyb
  3623 | D:4      | Reached XP level 7. HP: 37/52 MP: 10/14
  3767 | D:4      | Noticed Eustachio
  3813 | D:4      | Learned a level 3 spell: Mephitic Cloud
  3830 | D:4      | Killed Eustachio
  4483 | D:4      | Noticed Dowan
  4484 | D:4      | Noticed Duvessa
  4497 | D:4      | Killed Duvessa
  4580 | D:4      | Found a basalt altar of Yredelemnul.
  4584 | D:4      | Killed Dowan
  5030 | D:5      | Entered Level 5 of the Dungeon
  5043 | D:5      | Reached XP level 8. HP: 57/61 MP: 11/15
  5196 | D:5      | Found a staircase to the Ecumenical Temple.
  5256 | Temple   | Entered the Ecumenical Temple
  5443 | Temple   | Became a worshipper of Sif Muna the Loreminder
  5576 | D:5      | Found a hide-covered altar of Uskayaw.
  5663 | D:5      | Found an opulent altar of Gozag.
  5741 | D:5      | Found a glowing golden altar of the Shining One.
  7081 | D:6      | Reached skill level 3 in Shields
  7613 | D:6      | Reached skill level 1 in Air Magic
  7613 | D:6      | Reached skill level 1 in Poison Magic
  7613 | D:6      | Reached XP level 9. HP: 60/68 MP: 11/16
  7654 | D:6      | Reached * piety under Sif Muna
  7822 | D:6      | Reached skill level 1 in Armour
  8554 | D:6      | Learned a level 3 spell: Conjure Flame
  8661 | D:6      | Found a white marble altar of Elyvilon.
  8999 | D:7      | Reached ** piety under Sif Muna
  8999 | D:7      | Reached skill level 6 in Spellcasting
  8999 | D:7      | Reached XP level 10. HP: 76/76 MP: 16/20
  9199 | D:7      | Noticed Menkaure
  9208 | D:7      | Killed Menkaure
  9208 | D:7      | Reached skill level 6 in Fighting
  9341 | D:7      | Reached skill level 6 in Dodging
  9392 | D:7      | Found Bashriat's Antique Weapon Boutique.
  9396 | D:7      | Found a radiant altar of Vehumet.
  9398 | D:7      | Bought an ichor-stained quarterstaff for 225 gold pieces
  9403 | D:7      | Identified the +6 quarterstaff "Wualac" {drain, Fragile rPois rF+ rN+ Dex+3} (You bought it in a shop on level 7 of the Dungeon)
  9527 | D:7      | Reached *** piety under Sif Muna
  9651 | D:7      | Reached skill level 1 in Fire Magic
  9918 | D:7      | Reached skill level 6 in Conjurations
 10246 | D:7      | Learned a level 2 spell: Blink
 10319 | D:7      | Found a shadowy altar of Dithmenos.
 10408 | D:7      | Reached skill level 1 in Translocations
 10416 | D:7      | Reached XP level 11. HP: 55/81 MP: 6/21
 11145 | D:7      | Reached skill level 3 in Translocations
 11818 | D:8      | Found a shadowy altar of Dithmenos.
 11901 | D:7      | Found a shattered altar of Ashenzari.
 12427 | D:8      | Noticed Gorice's ghost (legendary HOFi)
 12724 | D:9      | Reached **** piety under Sif Muna
 12768 | D:9      | Found Fusoimez's Assorted Antiques.
 12771 | D:9      | Bought a square malachite amulet for 105 gold pieces
 12771 | D:9      | Bought a bone wand for 84 gold pieces
 13618 | D:10     | Entered Level 10 of the Dungeon
 13794 | D:10     | Got a shimmering chain mail
 13805 | D:10     | Identified the cursed +0 chain mail of the Everdark {Str-5 Dex+6} (You found it on level 10 of the Dungeon)
 13880 | D:10     | Found a staircase to the Lair.
 13923 | D:10     | Found a staircase to the Orcish Mines.
 13926 | D:10     | Noticed a two-headed ogre
 13981 | D:10     | Killed a two-headed ogre
 14029 | D:10     | Noticed a two-headed ogre
 14140 | D:10     | Killed a two-headed ogre
 14140 | D:10     | Reached skill level 6 in Summonings
 14292 | D:10     | Found Yrphugis's Antique Armour Shoppe.
 14421 | D:10     | Found a portal to a secret trove of treasure.
 14698 | D:11     | Learned a level 4 spell: Summon Ice Beast
 14791 | D:11     | Noticed Gastronok
 14803 | D:11     | Killed Gastronok
 15067 | D:11     | Found Zis Argh's Book Shoppe.
 15491 | D:11     | Noticed a purple ugly thing
 15501 | D:11     | Killed a purple ugly thing
 15650 | Lair:1   | Entered Level 1 of the Lair of Beasts
 15898 | Lair:1   | Reached XP level 12. HP: 30/88 MP: 12/24
 16933 | Lair:1   | Reached ***** piety under Sif Muna
 17178 | Lair:1   | Reached skill level 9 in Spellcasting
 17190 | Lair:1   | HP: 4/88 [poisoned by a black mamba]
 17195 | Lair:1   | HP: 2/88 [poisoned by a black mamba]
 17201 | Lair:1   | HP: 2/88 [poisoned by a black mamba]
 17209 | Lair:1   | HP: 2/88 [poisoned by a black mamba]
 18138 | Lair:2   | Identified Sif Muna's Grimoire of Ghastly Orientation {god gift} (Sif Muna gifted it to you on level 2 of the Lair of Beasts)
 18138 | Lair:2   | Received a gift from Sif Muna
 18156 | Lair:2   | Learned a level 5 spell: Borgnjor's Vile Clutch
 18470 | Lair:2   | Reached skill level 1 in Ice Magic
 18546 | Lair:2   | Reached skill level 1 in Earth Magic
 20262 | Lair:3   | Noticed a seven-headed hydra
 20285 | Lair:3   | Killed a seven-headed hydra
 20658 | Lair:4   | Reached skill level 3 in Ice Magic
 20658 | Lair:4   | Reached skill level 3 in Earth Magic
 20838 | Lair:4   | Noticed an eight-headed hydra
 20846 | Lair:4   | Noticed a five-headed hydra
 20846 | Lair:4   | Killed an eight-headed hydra
 20865 | Lair:4   | Killed a five-headed hydra
 21017 | Lair:4   | Noticed a death yak
 21027 | Lair:4   | Noticed a death yak
 21031 | Lair:4   | Noticed a death yak
 21033 | Lair:4   | Noticed a death yak
 21088 | Lair:4   | Killed a death yak
 21151 | Lair:4   | Noticed Harold
 21499 | Lair:4   | Noticed a death yak
 21500 | Lair:4   | Noticed a death yak
 21511 | Lair:4   | Killed a death yak
 21511 | Lair:4   | Reached XP level 13. HP: 93/93 MP: 10/26
 21537 | Lair:3   | Reached skill level 6 in Necromancy
 21707 | Lair:4   | Identified the Papyrus of the Wild Haggis
 22024 | Lair:4   | Reached skill level 6 in Earth Magic
 22024 | Lair:4   | Killed Harold
 22024 | Lair:4   | Identified Sif Muna's Almanac of the Escort {god gift} (Sif Muna gifted it to you on level 4 of the Lair of Beasts)
 22024 | Lair:4   | Received a gift from Sif Muna
 22305 | Lair:4   | Learned a level 4 spell: Summon Lightning Spire
 22395 | Lair:4   | Found a hole to the Spider Nest.
 22519 | Lair:4   | Found a staircase to the Swamp.
 23206 | Lair:5   | Noticed Josephine
 23243 | Lair:5   | Killed Josephine
 23583 | Lair:5   | Noticed Kirke
 23597 | Lair:5   | Noticed an ice dragon
 23763 | Lair:5   | Found a viscous altar of Jiyva.
 23763 | Lair:5   | Found a staircase to the Slime Pits.
 23817 | Lair:5   | Killed an ice dragon
 23817 | Lair:5   | Reached skill level 9 in Summonings
 23868 | Lair:5   | HP: 3/96 [elephant (6)]
 23935 | Lair:5   | Noticed Rupert
 24249 | Lair:5   | Killed Rupert
 24530 | Lair:5   | Noticed an eight-headed hydra
 24537 | Lair:5   | Killed an eight-headed hydra
 24655 | Lair:5   | Reached XP level 14. HP: 99/104 MP: 24/28
 24703 | Lair:5   | Killed Kirke
 24703 | Lair:5   | Identified Sif Muna's Tome of the Mutagenic Traveller {god gift} (Sif Muna gifted it to you on level 5 of the Lair of Beasts)
 24703 | Lair:5   | Received a gift from Sif Muna
 24924 | Lair:5   | Learned a level 5 spell: Summon Mana Viper
 24943 | Lair:5   | Learned a level 9 spell: Dragon's Call
 25062 | Lair:6   | Entered Level 6 of the Lair of Beasts
 26160 | Lair:6   | HP: 3/105 [dream sheep (13)]
 27594 | Lair:6   | Found a large runed door.
 27595 | Lair:6   | Found a large runed door.
 27829 | Lair:6   | Identified Ifiashrig's Collected Works on Necromancy {god gift} (Sif Muna gifted it to you on level 6 of the Lair of Beasts)
 27829 | Lair:6   | Received a gift from Sif Muna
 28521 | D:12     | Found a shimmering altar of Xom.
 28701 | D:12     | Reached XP level 15. HP: 83/110 MP: 20/30
 28702 | D:12     | Reached skill level 12 in Spellcasting
 29276 | D:12     | Found a blossoming altar of Fedhas.
 29276 | D:12     | Found an iron altar of Okawaru.
 29278 | D:12     | Found a shadowy altar of Dithmenos.
 29278 | D:12     | Found a radiant altar of Vehumet.
 29278 | D:12     | Found a sacrificial altar of Ru.
 29384 | D:13     | Reached skill level 12 in Summonings
 30242 | D:13     | Got a faintly humming leather armour
 30253 | D:13     | Identified the +2 leather armour "Zient" {rN+ Dex+2} (You found it on level 13 of the Dungeon)
 31270 | D:14     | Got a twisted dagger
 31287 | D:14     | Identified the +9 dagger "Cetz" {flame, Str+2 Dex+4} (You found it on level 14 of the Dungeon)
 31404 | D:14     | Found a gate to the Vaults.
 32286 | D:15     | Entered Level 15 of the Dungeon
 32514 | D:15     | Found a staircase to the Depths.
 32542 | D:15     | Identified Patang's Catalogue of Attacks {god gift} (Sif Muna gifted it to you on level 15 of the Dungeon)
 32542 | D:15     | Received a gift from Sif Muna
 32989 | D:15     | Identified the +0 ring mail of Unlue {-Tele rPois rF- rC+++ rN+} (You found it on level 15 of the Dungeon)
 34163 | Orc:1    | Entered Level 1 of the Orcish Mines
 34854 | Orc:2    | Entered Level 2 of the Orcish Mines
 34933 | Orc:2    | Found a roughly hewn altar of Beogh.
 35075 | Orc:2    | Reached XP level 16. HP: 113/117 MP: 19/33
 35425 | Orc:2    | Found Xenibru's Distillery.
 35439 | Orc:2    | Paralysed by an orc sorcerer for 3 turns
 35650 | Orc:2    | Found a runed door.
 35930 | Orc:2    | Found Narhouq's Book Boutique.
 36334 | Orc:2    | Found Mouloeru's Food Shoppe.
 36336 | Orc:2    | Found Gagiur's Book Shoppe.
 36376 | Orc:2    | Bought a potion of agility for 64 gold pieces
 36376 | Orc:2    | Bought 2 potions of might for 128 gold pieces
 36376 | Orc:2    | Bought a potion of heal wounds for 80 gold pieces
 36376 | Orc:2    | Bought a potion of curing for 48 gold pieces
 36376 | Orc:2    | Bought a potion of invisibility for 128 gold pieces
 36376 | Orc:2    | Bought a potion of agility for 64 gold pieces
 36376 | Orc:2    | Bought 2 potions of curing for 96 gold pieces
 36413 | Orc:2    | Found a staircase to the Elven Halls.
 36446 | Orc:2    | Learned a level 6 spell: Deflect Missiles
 36883 | Orc:2    | Found a roughly hewn altar of Beogh.
 37428 | Swamp:1  | Entered Level 1 of the Swamp
 38547 | Swamp:1  | Identified Cucruro's Disquisition on Feathers {god gift} (Sif Muna gifted it to you on level 1 of the Swamp)
 38547 | Swamp:1  | Received a gift from Sif Muna
 38998 | Swamp:2  | Noticed a thorn hunter
 39022 | Swamp:2  | Killed a thorn hunter
 39442 | Swamp:2  | Slain by an alligator

Vault maps used:
D:1:      dpeg_arrival_radiant
D:2:      uniq_terence
D:3:      nicolae_overflow_hidden_temple, uniq_robin, uniq_natasha
D:4:      lemuel_zombie_altar_yredelemnul, uniq_edmund, uniq_eustachio,
          uniq_duvessa, uniq_ijyb
D:5:      lemuel_crystal_altar, tso_metal_star, lemuel_coloured_pillars_altar,
          minmay_temple_entry_large_hall, first_ration
D:6:      hangedman_cross_stitches, elyvilon_altar_5, minivault_24
D:7:      lemuel_upstairs_altar, vehumet_crystals, serial_shops, shop,
          grunt_livestock, minmay_ruined_shrine, uniq_menkaure
D:8:      nicolae_dithmenos_through_a_glass_darkly
D:9:      serial_shops, kennysheep_mini_moat
D:10:     lair_entry_dummy, orc_0_dummy, serial_shops, shop,
          nicolae_trove_entry_crossroad, minmay_fire_ice_demons
D:11:     serial_shops, shop, uniq_gastronok
D:12:     doesnt_xom_only_xom
D:14:     lightli_vaults_fourway_checkpoint, minmay_misc_feat_diagonals,
          minivault_15
D:15:     gammafunk_depths_entry_grave
Temple:   eino_temple_water
Lair:1:   portal_ice_cave_demonic_guard
Lair:2:   serial_bayou_pond_e
Lair:3:   grunt_megastairs_1, serial_bayou_shore_a, minmay_lair_oklob_chamber
Lair:4:   minmay_swamp_entry_worms, spider_nest_entry_webs, st_stairs_10,
          lemuel_fruit_tree, uniq_harold
Lair:5:   slime_altar_1, st_stairs_9, bobbens_ice_dragon_lair,
          grunt_megastairs_2, uniq_josephine, uniq_rupert, uniq_kirke
Lair:6:   cheibrodos_lair_end_hotspot, st_stairs_5, pond
Swamp:1:  evilmike_swamp_ruin_house_3, swamp_pool1, ldierk_geyser
Swamp:2:  evilmike_swamp_ruin_house_4
Orc:2:    st_orc_elflike, basic_altar, library_closet, lightli_church_of_beogh

Skill      XL: |  1  2  3  4  5  6  7  8  9 10 11 12 13 14 15 16 |
---------------+-------------------------------------------------+-----
Fighting       | 1 2 3 4 5 6 7 8 |  8.0
Dodging        | 1 2 3 4 5 6 |  6.0
Conjurations   | 1 5 6 |  6.2
Summonings     | 1 2 3 4 7 8 9 11 13 14 | 14.7
Shields        | 4 |  4.0
Air Magic      | 1 5 |  5.5
Poison Magic   | 1 2 |  2.0
Armour         | 5 |  5.5
Spellcasting   | 6 8 9 10 11 13 14 | 14.5
Evocations     | 5 |  5.0
Fire Magic     | 2 |  2.5
Translocations | 1 4 |  4.0
Ice Magic      | 3 |  3.0
Earth Magic    | 4 6 |  6.2
Necromancy     | 5 7 |  7.1
Stealth        | |  2.0

Action                   |  1- 3 |  4- 6 |  7- 9 | 10-12 | 13-15 | 16-18 || total
-------------------------+-------+-------+-------+-------+-------+-------++-------
Melee: Dagger            |     5 |       |       |       |   146 |   184 ||   335
       Short sword       |    42 |   123 |   326 |    24 |       |       ||   515
       Unarmed           |       |       |     1 |       |       |       ||     1
       Quarterstaff      |       |       |       |   394 |   353 |       ||   747
 Cast: Magic Dart        |    42 |    29 |    10 |    16 |     1 |       ||    98
       Call Imp          |     1 |    40 |    86 |   103 |       |       ||   230
       Mephitic Cloud    |       |       |    14 |    26 |       |       ||    40
       Conjure Flame     |       |       |       |    11 |     2 |       ||    13
       Summon Ice Beast  |       |       |       |   113 |    70 |    18 ||   201
       Blink             |       |       |       |    14 |     9 |     3 ||    26
       Borgnjor's Vile C |       |       |       |    11 |   178 |    75 ||   264
       Summon Lightning  |       |       |       |       |    27 |     7 ||    34
       Summon Mana Viper |       |       |       |       |    23 |    21 ||    44
Invok: Divine Energy     |       |       |     1 |       |       |   124 ||   125
       Stop Divine Energ |       |       |       |       |       |   124 ||   124
Evoke: Wand              |       |       |       |     4 |     4 |     2 ||    10
       Phial of floods   |       |       |       |     1 |     1 |     1 ||     3
       Fan of gales      |       |       |       |       |     1 |     1 ||     2
       Lightning rod     |       |       |       |       |     9 |       ||     9
  Use: Scroll            |       |     8 |    14 |    13 |    16 |     5 ||    56
       Potion            |       |       |     3 |       |     3 |     1 ||     7
 Stab: Sleeping          |     2 |     1 |       |     4 |     3 |       ||    10
       Distracted        |       |     2 |     5 |     5 |     2 |     1 ||    15
       Confused          |       |       |     7 |     6 |       |       ||    13
       Paralysed         |       |       |       |     3 |     6 |     1 ||    10
  Eat: Chunk             |     1 |     7 |    18 |    32 |    72 |    20 ||   150
       Ration            |       |       |     1 |     8 |     6 |     3 ||    18
Armor: Robe              |    15 |    11 |    24 |    61 |   107 |       ||   218
       Skin              |       |       |    14 |       |       |       ||    14
       Leather armour    |       |       |       |       |    45 |    29 ||    74
Dodge: Dodged            |    26 |    73 |   188 |   406 |   493 |   119 ||  1305
Block: Buckler           |       |       |    39 |     5 |    77 |   123 ||   244
       Other             |       |       |       |    16 |    26 |       ||    42
       Reflection        |       |       |       |     1 |     7 |     3 ||    11

Table legend:
 A = Spawn XP
 B = Non-spawn XP
 C = Spawn XP percentage of total XP
 D = Spawn monster count
 E = Non-spawn monster count
 F = Spawn count percentage of total count
 G = Total turns spent on level
                    A         B        C        D         E        F      G
               +---------+---------+-------+---------+---------+-------+---------
         Total |       0 |  134698 |   0.0 |       0 |     784 |   0.0 | 39442
               +---------+---------+-------+---------+---------+-------+---------
           D:1 |       0 |      26 |   0.0 |       0 |      16 |   0.0 |   944
           D:2 |       0 |     110 |   0.0 |       0 |      20 |   0.0 |  1312
           D:3 |       0 |     232 |   0.0 |       0 |      25 |   0.0 |   867
           D:4 |       0 |     624 |   0.0 |       0 |      24 |   0.0 |  1907
           D:5 |       0 |     623 |   0.0 |       0 |      22 |   0.0 |  2558
           D:6 |       0 |    1274 |   0.0 |       0 |      39 |   0.0 |  1200
           D:7 |       0 |    2498 |   0.0 |       0 |      33 |   0.0 |  2236
           D:8 |       0 |    1220 |   0.0 |       0 |      34 |   0.0 |  1751
           D:9 |       0 |     739 |   0.0 |       0 |      14 |   0.0 |   636
          D:10 |       0 |    2221 |   0.0 |       0 |      15 |   0.0 |  1146
          D:11 |       0 |    2416 |   0.0 |       0 |      10 |   0.0 |  1000
          D:12 |       0 |    3980 |   0.0 |       0 |      29 |   0.0 |  1167
          D:13 |       0 |    9684 |   0.0 |       0 |      57 |   0.0 |  1752
          D:14 |       0 |    8687 |   0.0 |       0 |      28 |   0.0 |  1271
          D:15 |       0 |   11494 |   0.0 |       0 |      22 |   0.0 |  1752
        Lair:1 |       0 |    2862 |   0.0 |       0 |      15 |   0.0 |  2334
        Lair:2 |       0 |    2600 |   0.0 |       0 |      21 |   0.0 |  1462
        Lair:3 |       0 |    4235 |   0.0 |       0 |      11 |   0.0 |  1779
        Lair:4 |       0 |   10775 |   0.0 |       0 |      35 |   0.0 |  2130
        Lair:5 |       0 |   16578 |   0.0 |       0 |      51 |   0.0 |  1937
        Lair:6 |       0 |   18982 |   0.0 |       0 |      85 |   0.0 |  2981
       Swamp:1 |       0 |    8044 |   0.0 |       0 |      33 |   0.0 |  1504
       Swamp:2 |       0 |    5932 |   0.0 |       0 |      23 |   0.0 |   446
         Orc:1 |       0 |    4496 |   0.0 |       0 |      41 |   0.0 |   874
         Orc:2 |       0 |   14366 |   0.0 |       0 |      81 |   0.0 |  2289
               +---------+---------+-------+---------+---------+-------+---------
